 Dungeon Crawl Stone Soup version 0.24-b1-44-g37ad8b309f (webtiles) character file.

Game seed: 6850008303856534075, levelgen mode: deterministic

12979 Ruokin the Severer (level 12, -7/110 HPs)
             Began as a Hill Orc Berserker on Oct 23, 2019.
             Was an Elder of Trog.
             Mangled by a titanic slime creature (40 damage)
             ... on level 12 of the Dungeon.
             The game lasted 00:37:54 (10898 turns).

Ruokin the Severer (Hill Orc Berserker)            Turns: 10898, Time: 00:37:54

Health: -7/110     AC: 16    Str: 25    XL:     12   Next: 1%
Magic:  12/12      EV:  8    Int:  7    God:    Trog [****..]
Gold:   600        SH:  0    Dex: 10    Spells: 11/11 levels left

rFire    + . .     SeeInvis .   B - +4 battleaxe
rCold    . . .     Gourm    .   (shield currently unavailable)
rNeg     . . .     Faith    .   i - +0 plate armour
rPois    .         Spirit   .   (no helmet)
rElec    .         Reflect  .   p - +0 cloak
rCorr    .         Harm     .   (no gloves)
MR       ++...                  (no boots)
Stlth    ..........             (no amulet)
HPRegen  1.28/turn              o - +2 ring of protection
MPRegen  0.13/turn              u - ring of protection from fire

@: regenerating
A: no striking features
a: Berserk, Trog's Hand, Brothers in Arms, Renounce Religion


You were on level 12 of the Dungeon.
You worshipped Trog.
Trog was greatly pleased with you.
You were not hungry.

You visited 1 branch of the dungeon, and saw 11 of its levels.

You collected 600 gold pieces.

Inventory:

Hand Weapons
 B - a +4 battleaxe (weapon)
 F - a +2 war axe of freezing
 J - a cursed +4 halberd
 M - a +3 morningstar of crushing
Armour
 i - a +0 plate armour (worn)
 p - a +0 cloak (worn)
Jewellery
 o - a +2 ring of protection (left hand)
 u - a ring of protection from fire (right hand)
 E - an uncursed ring of positive energy
Wands
 l - a wand of polymorph (16)
 y - a wand of iceblast (11)
 A - a wand of flame (2)
 I - a wand of clouds (4)
Scrolls
 e - 8 scrolls of remove curse
 r - 2 scrolls of amnesia
 s - 2 scrolls of enchant armour {unknown}
 t - 2 scrolls of fear {unknown}
 z - 2 scrolls of noise
 C - 3 scrolls of teleportation
 H - a scroll of vulnerability {unknown}
Potions
 f - 5 potions of mutation
 g - 6 potions of curing
 h - 4 potions of degeneration
 k - 2 potions of brilliance
 n - 3 potions of flight
 v - a potion of cancellation {unknown}
 w - a potion of ambrosia {unknown}
 D - a potion of might {unknown}
 G - 4 potions of lignification
 K - 3 potions of agility {unknown}


   Skills:
 * Level 11.5 Fighting
 * Level 17.2(17.6) Axes
 - Level 5.3(11.2) Maces & Flails
 + Level 7.8 Armour
 + Level 2.3 Dodging
 - Level 0.1 Stealth


You had 11 spell levels left.
You didn't know any spells.
Your spell library contained the following spells:

 Spells                   Type           Power        Failure   Level  Hunger
 Throw Frost              Conj/Ice       #.....       100%        2    ###....
 Inner Flame              Hex/Fire       #.......     100%        3    ####...
 Mephitic Cloud           Conj/Pois/Air  #.......     100%        3    ####...
 Fireball                 Conj/Fire      #.........   100%        5    ######.
 Iron Shot                Conj/Erth      #.........   100%        6    #######


Dungeon Overview and Level Annotations

Branches:
Dungeon (12/15)            Temple (0/1) D:4
   Lair: D:8-11         Orc: D:9-12

Altars:
Fedhas
Trog
Uskayaw
The Shining One


Message History

You feel resistant to hostile enchantments.
You feel quite a bit more hungry.
The slime creature hits you but does no damage.
The large slime creature hits you!!
* * * LOW HITPOINT WARNING * * *
The slime creature hits you!
* * * LOW HITPOINT WARNING * * *
You feel much better.
The slime creature hits you but does no damage.
A large slime creature splits.
The slime creature hits you but does no damage.
You feel much better.
The slime creature hits you but does no damage. x2
The titanic slime creature barely misses you.
The slime creature hits you! The slime creature hits you.
Your black bear goes berserk!
You feel quite a bit more hungry. The slime creature hits you! x2
* * * LOW HITPOINT WARNING * * *
The titanic slime creature hits you!!!
You die...

#...##...#.... .............
........... ##........#
######.........##.
.....#............
#.......JJJ...#
+......hJ@J...#
#.............# .
#.............# .#.#
#.^...........# ...#
#.....#+#....... ...# #.....#
#...####. ...#+###.....#
#......# .......+.....#
#....#.#
#......#.....#.#.............#


You could see a titanic slime creature, 4 slime creatures and a friendly black
bear (berserk).

Vanquished Creatures
  Josephine (D:12)
  Harold (D:7)
  A death knight (D:11)
  3 two-headed ogres
  An unseen horror (D:12)
  Pikel (D:4)
  2 ugly things
  A cyclops (D:11)
  A centaur skeleton (D:11)
  A freezing wraith (D:11)
  The ghost of mrkaede the Covered, an amateur MiFi (D:3)
  2 trolls (D:10)
  3 hippogriffs (D:7)
  Sigmund (D:6)
  A wyvern (D:12)
  Eustachio (D:5)
  A hungry ghost (D:8)
  6 wraiths
  A steam dragon (D:8)
  A water moccasin (D:10)
  3 orc warriors
  A black bear (D:8)
  2 ice beasts
  3 ogres
  2 centaurs
  A big kobold (D:7)
  10 bullfrogs
  Blork the orc (D:5)
  3 scorpions (D:10)
  8 wights
  A howler monkey (D:4)
  2 crimson imps
  2 bullfrog zombies
  4 orc priests
  3 hounds
  10 orc wizards
  Crazy Yiuf (D:3)
  9 worker ants
  Natasha (thrice) (D:3)
  A hound zombie (D:6)
  A hound skeleton (D:4)
  2 worker ant zombies
  8 adders
  A shadow imp (D:6)
  2 oozes
  4 worms
  A dart slug (D:2)
  6 leopard geckos
  30 orcs
  12 giant cockroaches
  11 goblins
  6 hobgoblins
  18 jackals
  16 kobolds
  5 quokkas
  4 ball pythons
  5 bats
  3 frilled lizards
  A jackal skeleton (D:5)
  14 rats
251 creatures vanquished.

Vanquished Creatures (others)
  3 gnolls (D:4)
3 creatures vanquished.

Grand Total: 254 creatures vanquished

Notes
Turn   | Place    | Note
-------+----------+-------------------------------------------
     0 | D:1      | Ruokin the Hill Orc Berserker began the quest for the Orb.
     0 | D:1      | Reached XP level 1. HP: 19/19 MP: 1/1
   126 | D:1      | Reached XP level 2. HP: 22/27 MP: 2/2
   213 | D:1      | Reached skill level 5 in Axes
   505 | D:1      | Reached XP level 3. HP: 25/33 MP: 3/3
   938 | D:2      | Reached ** piety under Trog
  1248 | D:2      | Reached XP level 4. HP: 34/40 MP: 4/4
  1626 | D:2      | Reached skill level 6 in Axes
  2104 | D:3      | Reached XP level 5. HP: 46/46 MP: 5/5
  2108 | D:3      | Noticed Natasha
  2131 | D:3      | Killed Natasha
  2220 | D:3      | Found a blossoming altar of Fedhas.
  2339 | D:3      | Reached *** piety under Trog
  2360 | D:3      | Reached skill level 7 in Axes
  2594 | D:3      | Noticed Natasha
  2608 | D:3      | Killed Natasha
  2619 | D:3      | Noticed Natasha
  2625 | D:3      | Killed Natasha
  2625 | D:3      | Reached XP level 6. HP: 54/55 MP: 6/6
  2684 | D:3      | Found a runed translucent door.
  2685 | D:3      | Noticed Crazy Yiuf
  2691 | D:3      | Killed Crazy Yiuf
  2691 | D:3      | Reached skill level 5 in Fighting
  2805 | D:3      | Found a transporter.
  2806 | D:3      | Noticed mrkaede's ghost (amateur MiFi)
  2813 | D:3      | Found a transporter.
  2813 | D:3      | Identified the +2 dire flail of the Lonely Continents
                  | {flame, +Blink}
  2831 | D:3      | Killed mrkaede's ghost
  2831 | D:3      | Reached skill level 8 in Axes
  2831 | D:3      | Reached XP level 7. HP: 62/62 MP: 7/7
  3218 | D:4      | Reached skill level 9 in Axes
  3246 | D:4      | Reached skill level 1 in Maces & Flails
  3303 | D:4      | Noticed Pikel
  3314 | D:4      | Killed Pikel
  3314 | D:4      | Reached XP level 8. HP: 71/71 MP: 8/8
  3437 | D:4      | Found a staircase to the Ecumenical Temple.
  3942 | D:5      | Entered Level 5 of the Dungeon
  3957 | D:5      | Reached **** piety under Trog
  4329 | D:5      | Noticed Blork the orc
  4348 | D:5      | Killed Blork the orc
  4348 | D:5      | Reached skill level 5 in Maces & Flails
  4448 | D:5      | Reached skill level 10 in Axes
  4467 | D:5      | Noticed Eustachio
  4487 | D:5      | Killed Eustachio
  4487 | D:5      | Reached XP level 9. HP: 79/79 MP: 9/9
  4980 | D:6      | Found a bloodstained altar of Trog.
  5207 | D:6      | Found a hide-covered altar of Uskayaw.
  5399 | D:6      | Noticed Sigmund
  5403 | D:6      | Killed Sigmund
  5403 | D:6      | Reached skill level 11 in Axes
  5697 | D:7      | Found a glowing golden altar of the Shining One.
  5727 | D:7      | Noticed Harold
  5742 | D:7      | Killed Harold
  5742 | D:7      | Reached skill level 12 in Axes
  5742 | D:7      | Reached skill level 5 in Armour
  6138 | D:7      | Reached XP level 10. HP: 86/89 MP: 10/10
  6170 | D:7      | Reached skill level 13 in Axes
  6873 | D:8      | Identified the Almanac of Torrid Attacks
  7130 | D:8      | You fall into a shaft and drop 2 floors!
  7130 | D:10     | Entered Level 10 of the Dungeon
  7282 | D:10     | Noticed a two-headed ogre
  7286 | D:10     | Killed a two-headed ogre
  7286 | D:10     | Reached skill level 14 in Axes
  7493 | D:10     | Noticed a two-headed ogre
  7499 | D:10     | Killed a two-headed ogre
  7667 | D:10     | Reached skill level 15 in Axes
  7797 | D:10     | Reached skill level 10 in Fighting
  7797 | D:10     | Reached XP level 11. HP: 87/99 MP: 11/11
  7913 | D:10     | Found a glowing golden altar of the Shining One.
  8882 | D:11     | Noticed a cyclops
  8892 | D:11     | Killed a cyclops
  9266 | D:11     | Noticed a purple ugly thing
  9272 | D:11     | Killed a purple ugly thing
  9402 | D:11     | Received a gift from Trog
  9429 | D:11     | Reached skill level 16 in Axes
  9650 | D:11     | Noticed a death knight
  9660 | D:11     | Killed a death knight
  9914 | D:11     | Noticed a two-headed ogre
  9923 | D:11     | Killed a two-headed ogre
 10383 | D:12     | Noticed Josephine
 10394 | D:12     | Killed Josephine
 10394 | D:12     | Received a gift from Trog
 10472 | D:12     | Killed an unseen horror
 10472 | D:12     | Reached skill level 17 in Axes
 10554 | D:12     | Noticed a red ugly thing
 10560 | D:12     | Killed a red ugly thing
 10560 | D:12     | Reached XP level 12. HP: 70/110 MP: 12/12
 10898 | D:12     | Mangled by a titanic slime creature

Skill      XL: |  1  2  3  4  5  6  7  8  9 10 11 |
---------------+----------------------------------+-----
Axes           | 5 6 7 8 9 10 12 15 17 | 17.2
Fighting       | 4 5 6 7 8 10 11 | 11.5
Dodging        | 2 |  2.3
Armour         | 3 4 5 6 7 |  7.8
Maces & Flails | 3 5 |  5.3
Stealth        | |  0.1

Action                   |  1- 3 |  4- 6 |  7- 9 | 10-12 || total
-------------------------+-------+-------+-------+-------++-------
Melee: Hand axe          |   127 |   232 |       |       ||   359
       Dire flail        |       |       |   119 |       ||   119
       Battleaxe         |       |       |   128 |   286 ||   414
Invok: Berserk           |     2 |     4 |     7 |     5 ||    18
       Trog's Hand       |       |     1 |     5 |     6 ||    12
       Brothers in Arms  |       |       |       |     1 ||     1
  Use: Scroll            |       |     8 |     6 |     7 ||    21
       Potion            |       |       |       |     5 ||     5
  Eat: Chunk             |     2 |     3 |       |     2 ||     7
       Ration            |       |     2 |     6 |     8 ||    16
Armor: Animal skin       |    18 |     1 |       |       ||    19
       Plate armour      |       |   161 |   183 |   179 ||   523
Dodge: Dodged            |    76 |    72 |    83 |   114 ||   345
